 Dungeon Crawl Stone Soup version 0.24.0-13-gcf9b319 (webtiles) character file.

Game seed: 2423483713830662983, levelgen mode: deterministic

149 peteyfrogboy the Fighter (level 5, -11/51 HPs)
             Began as a Gnoll Wanderer on Nov 30, 2019.
             Killed by divine providence
             ... invoked by an orc priest
              (16 damage)
             ... on level 3 of the Dungeon.
             The game lasted 00:05:27 (2604 turns).

peteyfrogboy the Fighter (Gnoll Wanderer)           Turns: 2604, Time: 00:05:28

Health: -11/51     AC:  4    Str: 11 (13) XL:     5   Next: 31%
Magic:  7/7        EV: 12    Int: 19      God:
Gold:   115        SH:  4    Dex: 12 (14) Spells: 6/6 levels left

rFire    . . .     SeeInvis .   a - +2 hand axe (venom)
rCold    . . .     Gourm    .   u - +0 buckler
rNeg     . . .     Faith    .   j - +0 leather armour
rPois    .         Spirit   .   n - +0 helmet
rElec    .         Reflect  .   (no cloak)
rCorr    .         Harm     .   (no gloves)
MR       .....                  (no boots)
Stlth    +++.......             (no amulet)
HPRegen  0.17/turn              (no ring)
MPRegen  0.10/turn              (no ring)

@: no status effects
A: distributed training, fangs 1, agile 1, subdued magic 1, MP-powered wands,
strong nose
a: no special abilities


You were on level 3 of the Dungeon.
You were hungry.

You visited 1 branch of the dungeon, and saw 3 of its levels.

You collected 115 gold pieces.

Inventory:

Hand Weapons
 a - a +2 hand axe of venom (weapon)
 h - a +2 dagger
Missiles
 t - 16 poisoned darts (quivered)
Armour
 j - a +0 leather armour (worn)
 n - a +0 helmet (worn)
 u - a +0 buckler (worn)
Scrolls
 c - 4 scrolls of teleportation
 e - 5 scrolls of identify
 g - 3 scrolls of magic mapping
Potions
 b - a potion of haste
Comestibles
 d - 2 chunks of flesh
 f - 6 rations


   Skills:
 + Level 8.6 Fighting
 + Level 1.4 Short Blades
 + Level 1.4 Long Blades
 + Level 1.4 Axes
 + Level 1.4 Maces & Flails
 + Level 1.4 Polearms
 + Level 1.4 Staves
 + Level 1.4 Slings
 + Level 1.4 Bows
 + Level 1.4 Crossbows
 + Level 2.9 Throwing
 + Level 1.4 Armour
 + Level 2.9 Dodging
 + Level 6.1 Stealth
 + Level 1.4 Shields
 + Level 1.4 Unarmed Combat
 + Level 1.4 Spellcasting
 + Level 1.1 Conjurations
 + Level 1.1 Hexes
 + Level 1.1 Charms
 + Level 1.1 Summonings
 + Level 1.1 Necromancy
 + Level 1.1 Translocations
 + Level 1.1 Transmutations
 + Level 1.1 Fire Magic
 + Level 1.1 Ice Magic
 + Level 1.1 Air Magic
 + Level 1.1 Earth Magic
 + Level 1.1 Poison Magic
 + Level 1.5 Invocations
 + Level 2.9 Evocations


You had 6 spell levels left.
You didn't know any spells.
Your spell library was empty.

Dungeon Overview and Level Annotations

Branches:
Dungeon (3/15)

Altars:
The Shining One

Annotations:
D:3 Jessica


Innate Abilities, Weirdness & Mutations

Your experience applies equally to all skills.
You have very sharp teeth.
Your uncanny sense of smell can sniff out nearby items.
You are agile. (Dex +2)
Your spells are a little easier to cast, but a little less powerful.
You expend magic power (3 MP) to strengthen your wands.


Message History

Jessica mumbles something strange.
You closely miss the orc. You completely miss the orc.
The orc priest calls down the wrath of Beogh upon you.
Beogh smites you!
* * * LOW HITPOINT WARNING * * *
The orc hits you with a +0 flail.
* * * LOW HITPOINT WARNING * * *
You block the orc's attack. The orc barely misses you.
You see here a leopard gecko skeleton.
You feel sick.
Okay, then.
The orc priest begins to cast a cantrip, but forgets the words!
You feel sick.
You feel sick.
You are no longer poisoned.
The orc priest looks encouraged for a moment.
The orc priest mumbles some strange prayers to Beogh against you.
Beogh smites you!
You die...

#.###.#
#.#...#
#.#.###
#.#.# #.#[#
#.#.# #.#.#
#.#.#
#@#.###
#o#..<#
#.#####
#### #o#
##...# #@#
#( ...$.
#.#
#.##....##
#.#
#.#.#.#.###
#o#
.........#
#.#


You could see an orc priest, Jessica and 2 orcs.

Vanquished Creatures
  Robin (D:2)
  2 adders
  4 gnolls (D:2)
  An ooze (D:2)
  2 worms
  2 dart slugs
  3 leopard geckos
  An orc (D:3)
  2 giant cockroaches (D:1)
  12 goblins
  9 hobgoblins
  7 jackals
  A bat (D:3)
  2 frilled lizards
  6 kobolds
  10 rats
65 creatures vanquished.

Notes
Turn   | Place    | Note
-------+----------+-------------------------------------------
     0 | D:1      | peteyfrogboy the Gnoll Wanderer began the quest for the
                  | Orb.
     0 | D:1      | peteyfrogboy set off with the following items: a +2 dagger,
                  | a potion of haste, 2 scrolls of teleportation, a +0 robe, a
                  | ration
     0 | D:1      | Reached XP level 1. HP: 26/26 MP: 2/2
    66 | D:1      | Reached XP level 2. HP: 29/33 MP: 3/3
   851 | D:2      | Reached XP level 3. HP: 37/38 MP: 4/4
  1146 | D:2      | Found a glowing golden altar of the Shining One.
  1163 | D:2      | Reached skill level 1 in Invocations
  1357 | D:2      | Reached skill level 1 in Short Blades
  1357 | D:2      | Reached skill level 1 in Long Blades
  1357 | D:2      | Reached skill level 1 in Axes
  1357 | D:2      | Reached skill level 1 in Maces & Flails
  1357 | D:2      | Reached skill level 1 in Polearms
  1357 | D:2      | Reached skill level 1 in Staves
  1357 | D:2      | Reached skill level 1 in Slings
  1357 | D:2      | Reached skill level 1 in Bows
  1357 | D:2      | Reached skill level 1 in Crossbows
  1357 | D:2      | Reached skill level 1 in Armour
  1357 | D:2      | Reached skill level 1 in Shields
  1357 | D:2      | Reached skill level 1 in Unarmed Combat
  1357 | D:2      | Reached skill level 1 in Spellcasting
  1409 | D:2      | Reached XP level 4. HP: 37/45 MP: 6/6
  1417 | D:2      | Noticed Robin
  1985 | D:2      | Killed Robin
  2005 | D:2      | Gained mutation: Your spells are a little easier to cast,
                  | but a little less powerful. [potion of mutation]
  2005 | D:2      | Gained mutation: You are agile. (Dex +2) [potion of
                  | mutation]
  2005 | D:2      | Gained mutation: You expend magic power (3 MP) to
                  | strengthen your wands. [potion of mutation]
  2127 | D:2      | Reached skill level 1 in Conjurations
  2127 | D:2      | Reached skill level 1 in Hexes
  2127 | D:2      | Reached skill level 1 in Charms
  2127 | D:2      | Reached skill level 1 in Summonings
  2127 | D:2      | Reached skill level 1 in Necromancy
  2127 | D:2      | Reached skill level 1 in Translocations
  2127 | D:2      | Reached skill level 1 in Transmutations
  2127 | D:2      | Reached skill level 1 in Fire Magic
  2127 | D:2      | Reached skill level 1 in Ice Magic
  2127 | D:2      | Reached skill level 1 in Air Magic
  2127 | D:2      | Reached skill level 1 in Earth Magic
  2127 | D:2      | Reached skill level 1 in Poison Magic
  2137 | D:2      | Reached XP level 5. HP: 45/51 MP: 7/7
  2574 | D:3      | Noticed Jessica
  2604 | D:3      | Killed from afar by an orc priest

Levels and vault maps discovered:
D:1:      dpeg_arrival_solitude, layout_rooms
D:2:      cheibrodos_old_hovel, layout_basic, overflow_temple_1_default,
          first_ration, uniq_robin
D:3:      minmay_chambers_of_threes, layout_basic, overflow_temple_1_default,
          st_stairs_9, uniq_jessica

Skill      XL: |  1  2  3  4 |
---------------+-------------+-----
Stealth        | 6 |  6.1
Invocations    | 1 |  1.5
Short Blades   | 1 |  1.4
Long Blades    | 1 |  1.4
Axes           | 1 |  1.4
Maces & Flails | 1 |  1.4
Polearms       | 1 |  1.4
Staves         | 1 |  1.4
Slings         | 1 |  1.4
Bows           | 1 |  1.4
Crossbows      | 1 |  1.4
Armour         | 1 |  1.4
Shields        | 1 |  1.4
Unarmed Combat | 1 |  1.4
Spellcasting   | 1 |  1.4
Conjurations   | 1 |  1.1
Hexes          | 1 |  1.1
Charms         | 1 |  1.1
Summonings     | 1 |  1.1
Necromancy     | 1 |  1.1
Translocations | 1 |  1.1
Transmutations | 1 |  1.1
Fire Magic     | 1 |  1.1
Ice Magic      | 1 |  1.1
Air Magic      | 1 |  1.1
Earth Magic    | 1 |  1.1
Poison Magic   | 1 |  1.1
Fighting       | |  8.6
Throwing       | |  2.9
Dodging        | |  2.9
Evocations     | |  2.9

Action                   |  1- 3 |  4- 6 || total
-------------------------+-------+-------++-------
Melee: Dagger            |   121 |    60 ||   181
       Bite              |    10 |    11 ||    21
       Hand axe          |       |    46 ||    46
  Use: Potion            |       |     7 ||     7
       Scroll            |       |     5 ||     5
 Stab: Sleeping          |     5 |     1 ||     6
  Eat: Chunk             |     2 |     3 ||     5
Armor: Robe              |    14 |     8 ||    22
       Leather armour    |       |    10 ||    10
Dodge: Dodged            |    69 |    61 ||   130
Block: Buckler           |     2 |    18 ||    20
